 Dungeon Sprint DCSS version 0.31-a0-656-gb4d89c20fa (webtiles) character file.

Game seed: 6813569079670252714

1231 rocky1 the Martial Artist (level 8, -2/60 HPs)
             Began as a Djinni Shapeshifter on Aug 31, 2023.
             Was an Initiate of Gozag.
             Slain by a two-headed ogre
             ... wielding a +0 giant club
              (24 damage)
             ... in the Dungeon (Sprint IX: "|||||||||||||||||||||||||||||").
             The game lasted 00:02:16 (646 turns).

rocky1 the Martial Artist (Djinni Shapeshifter)      Turns: 646, Time: 00:02:17

Health: -2/60      AC: 11    Str: 16    XL:     8   Next: 77%
Gold:   468        EV:  9    Int: 13    God:    Gozag SH:  0 Dex: 14

rFire   + +          .
                       - Unarmed
rCold   x . .        (no shield)
rNeg    . . .        m - +1 chain mail
rPois   ∞            (helmet currently unavailable)
rElec   .            (cloak currently unavailable)
rCorr   .            (gloves currently unavailable)
SInv    .            (boots unavailable)
Will    .....        (no amulet) Stlth
                     n - +2 ring of protection
HPRegen 0.30/turn    o - +3 ring of strength
MPRegen 0.00/turn

%: no teleportation, infuse magic (-3 HP)
@: beast-form, gold aura, flying
A: beast (slay +4), flying, sickness immunity, fire resistance 2, cold
vulnerability 1, float, innate caster, HP casting, extra vitality 1
a: Begin Untransformation, Renounce Religion, Potion Petition, Call Merchant,
Bribe Branch


You were in the Dungeon.
You worshipped Gozag.
Gozag was aware of your devotion.
You were a hulking beast.
You visited 1 branch You collected 468 gold pieces.

Inventory:

Armour
 a - a +0 animal skin
 l - a +0 cloak
 m - a +1 chain mail (worn)
Jewellery
 n - a +2 ring of protection (left hand)
 o - a +3 ring of strength (right hand)
Talismans
 c - a beast talisman (active)
 d - a flux talisman
Wands
 k - a wand of acid (8)
Scrolls
 i - 2 scrolls of blinking
Potions
 e - 5 potions of curing
 f - a potion of invisibility
 g - a potion of haste
 h - a potion of berserk rage
 j - a potion of heal wounds


   Skills:
 * Level 5.5 Fighting
 + Level 0.2 Armour
 + Level 6.4 Dodging
 * Level 14.7 Unarmed Combat
 + Level 0.1 Evocations
 + Level 7.0 Shapeshifting


You knew the following spells:

 Your Spells              Type           Power      Damage    Failure   Level
a - Sting                 Tmut/Pois      0%         1d3       99%         1
b - Searing Ray           Conj           0%         2d4       100%        2
c - Static Discharge      Conj/Air       0%         2-2/arc   100%        2
Your spell library was empty.


Dungeon Overview and Level Annotations

Branches:
Dungeon (1/1)

Altars:
Cheibriados
Dithmenos
Elyvilon
Fedhas
Gozag
Hepliaklqana
Makhleb
Nemelex Xobeh
Okawaru
Qazlal
Ru
Trog
Uskayaw
Wu Jian
Xom
Yredelemnul
Zin
The Shining One
Jiyva
Lugonu


Innate Abilities, Weirdness & Mutations

You are a hulking beast.
Your limbs bulge with bestial killing power. (Slay +4)
You are flying.
You are immune to sickness and miasma.
You are immune to poison.
Your flesh is very heat resistant. (rF++)
You are vulnerable to cold. (rC-)
You float through the air rather than walking.
You learn spells naturally, not from books.
Your magical power is your life essence.
You have superior vitality. (+4 MHP)


Message History

Aim: a vampire mosquito (53% to hit)
The bolt of acid misses the vampire mosquito.
The bolt of acid hits the vampire mosquito!
The acid corrodes the vampire mosquito!
The vampire mosquito is severely damaged.
The bolt of acid hits the two-headed ogre!
The two-headed ogre is moderately wounded.
The bolt of acid hits something!
The acid corrodes something!
The vampire mosquito barely misses you.
The vampire mosquito bites you but does no damage.
Unknown command.
You punch the vampire mosquito!
The vampire mosquito is moderately damaged.
The vampire mosquito bites you.
Unknown command.
You punch the vampire mosquito!
The vampire mosquito is severely damaged.
The vampire mosquito bites you but does no damage.
You barely miss the vampire mosquito. Your punch misses the vampire mosquito.
The vampire mosquito is severely damaged.
The vampire mosquito bites you. The vampire mosquito barely misses you.
You punch the vampire mosquito!
You destroy the vampire mosquito!
The efreet is distracted by your dazzling golden aura.
Your Shapeshifting skill increases to level 7!
You pummel the two-headed ogre!!
The two-headed ogre is severely wounded.
You closely miss the two-headed ogre. You punch the two-headed ogre!
The two-headed ogre is severely wounded.
The two-headed ogre closely misses you.
The two-headed ogre hits you with a +0 giant spiked club!!
* * * LOW HITPOINT WARNING * * *
You barely miss the two-headed ogre.
The two-headed ogre is severely wounded.
Unknown command.
You feel much better.
The two-headed ogre hits you with a +0 giant club!
The two-headed ogre hits you with a +0 giant spiked club!!
You die...
Your body crumbles into a pile of gold.

▓.▓
▓.▓
▓)▓
▓.▓
▓.▓
▓.▓
▓.▓
▓.▓
▓h▓
▓O▓
▓y▓
▓.▓
▓.▓
▓R▓
▓.▓
▓.▓


You could see a two-headed ogre (corroded), an efreet and a vampire mosquito
(corroded).

Vanquished Creatures
  An unseen horror (D)
  A troll (D)
  A hornet (D)
  A yak (D)
  2 vampire mosquitoes (D)
  2 howler monkeys (D)
  A hound (D)
  An orc wizard (D)
  2 adders (D)
  A dart slug (D)
  An orc (D)
  An endoplasm (D)
  A hobgoblin (D)
  2 bats (D)
18 creatures vanquished.

Notes
Turn   | Place    | Note
-------+----------+-------------------------------------------
     0 | D        | rocky1 the Djinni Shapeshifter began the quest for the Orb.
     0 | D        | Reached XP level 1. HP: 17/17 MP: 0/0
    18 | D        | Reached XP level 2. HP: 22/22 MP: 0/0
   124 | D        | Noticed a howler monkey
   132 | D        | Reached skill level 4 in Unarmed Combat
   136 | D        | Reached skill level 5 in Unarmed Combat
   136 | D        | Reached XP level 3. HP: 25/28 MP: 0/0
   136 | D        | Learned a level 1 spell: Sting
   144 | D        | Reached skill level 6 in Unarmed Combat
   144 | D        | Reached XP level 4. HP: 23/34 MP: 0/0
   146 | D        | Reached skill level 7 in Unarmed Combat
   194 | D        | Found a snail-covered altar of Cheibriados.
   194 | D        | Found a shadowy altar of Dithmenos.
   194 | D        | Found a white marble altar of Elyvilon.
   194 | D        | Found a blossoming altar of Fedhas.
   194 | D        | Found an opulent altar of Gozag.
   195 | D        | Found a hazy altar of Hepliaklqana.
   196 | D        | Found a viscous altar of Jiyva.
   198 | D        | Found a corrupted altar of Lugonu.
   199 | D        | Found a burning altar of Makhleb.
   200 | D        | Found a sparkling altar of Nemelex Xobeh.
   201 | D        | Found an iron altar of Okawaru.
   202 | D        | Became a worshipper of Gozag Ym Sagoz the Greedy
   203 | D        | Found a stormy altar of Qazlal.
   204 | D        | Found a sacrificial altar of Ru.
   206 | D        | Found a bloodstained altar of Trog.
   207 | D        | Found a hide-covered altar of Uskayaw.
   209 | D        | Found an ornate altar of the Wu Jian Council.
   210 | D        | Found a shimmering altar of Xom.
   211 | D        | Found a basalt altar of Yredelemnul.
   212 | D        | Found a glowing silver altar of Zin.
   213 | D        | Found a glowing golden altar of the Shining One.
   253 | D        | Noticed a yak
   253 | D        | Noticed a hornet
   253 | D        | Noticed a troll
   260 | D        | Killed a yak
   261 | D        | Reached skill level 9 in Unarmed Combat
   261 | D        | Reached skill level 5 in Shapeshifting
   261 | D        | Reached XP level 5. HP: 40/40 MP: 0/0
   261 | D        | Learned a level 2 spell: Searing Ray
   261 | D        | Reached XP level 6. HP: 46/46 MP: 0/0
   268 | D        | Killed a hornet
   269 | D        | Reached skill level 5 in Dodging
   269 | D        | Reached skill level 11 in Unarmed Combat
   269 | D        | Reached XP level 7. HP: 44/52 MP: 0/0
   269 | D        | Learned a level 2 spell: Static Discharge
   279 | D        | Killed an unseen horror
   280 | D        | Reached skill level 13 in Unarmed Combat
   280 | D        | Reached XP level 8. HP: 52/58 MP: 0/0
   285 | D        | Killed a troll
   286 | D        | Reached skill level 5 in Fighting
   286 | D        | Reached skill level 14 in Unarmed Combat
   631 | D        | Noticed a shadow
   631 | D        | Noticed a two-headed ogre
   631 | D        | Noticed an efreet
   646 | D        | Slain by a two-headed ogre

Illustrated notes

Levels and vault maps discovered:
D:        linesprint [early_d, line_temple, items_1, d_10, items_2, lair_1,
          lair_end, items_3, orc_1, orc_end, items_4, d_15, swamp_1, shoals_1,
          snake_1, spider_1, d_20, vaults_1, items_5, swamp_end, shoals_end,
          snake_end, spider_end, vaults_end, d_27, items_6, zot_1, zot_end,
          crypt_end, forest_end, elf_end, slime_end, tomb_end, abyss_end,
          pan_hell_end]

Skill      XL: |  1  2  3  4  5  6  7  8 |
---------------+-------------------------+-----
Shapeshifting  | 3 4 5 6 7 |  7.0
Unarmed Combat | 5 6 9 11 13 14 | 14.7
Dodging        | 3 4 5 6 |  6.4
Fighting       | 2 3 4 5 |  5.5
Armour         | |  0.2
Evocations     | |  0.1

Action                     |  1- 3 |  4- 6 |  7- 9 || total
---------------------------+-------+-------+-------++-------
  Melee: Unarmed           |    32 |    19 |    29 ||    80
         Punch             |       |     1 |     1 ||     2
  Evoke: Wand              |       |       |     2 ||     2
    Use: Potion            |     1 |     1 |     1 ||     3
 Armour: Animal skin       |     3 |     1 |       ||     4
         Skin              |       |     9 |    18 ||    27
         Chain mail        |       |       |     3 ||     3
  Dodge: Dodged            |    19 |     4 |     9 ||    32

Table legend: (Time is in decaauts)
 A = Elapsed time spent in this place.
 B = Non-inter-level travel time spent in this place.
 C = Inter-level travel time spent in this place.
 D = Time resting spent in this place.
 E = Time spent auto-exploring this place.
 F = Levels seen in this place.
 G = Mean time per level.
                   A        B        C        D        E       F      G
               +--------+--------+--------+--------+--------+-----+--------+
         Total |    632 |    632 |      0 |    474 |      0 |   1 |  632.0 |
       Dungeon |    632 |    632 |      0 |    474 |      0 |   1 |  632.0 |
               +--------+--------+--------+--------+--------+-----+--------+

Top non-repeatable levels by time:
       D: 632 daAuts
